 Dungeon Crawl Stone Soup version 0.17-a0-1834-gef58047 (webtiles) character file.

89 Zukini the Ruffian (level 4, -2/45 HPs)
             Began as a Troll Berserker on Sept 14, 2015.
             Was an Initiate of Okawaru.
             Slain by a black bear (4 damage)
             ... created by the rage of Trog
             ... on level 2 of the Dungeon.
             The game lasted 00:24:43 (1550 turns).

Zukini the Ruffian (Troll Berserker)                Turns: 1550, Time: 00:24:43

Health: -2/45      AC:  5    Str: 26    XL:     4   Next: 31%
Magic:  3/3        EV: 10    Int:  3    God:    Okawaru [......]
Gold:   124        SH:  0    Dex:  9    Spells: 0 memorised, 3 levels left

rFire  . . .     SeeInvis .     w - +0 club
rCold  . . .     Clarity  .     a - +0 animal skin
rNeg   . . .     SustAt   .     (no shield)
rPois  .         Gourm    +     (helmet restricted)
rElec  .         Spirit   .     (no cloak)
rCorr  .         Warding  .     (gloves unavailable)
rMut   .         Stasis   .     (boots unavailable)
MR     .....                    (no amulet)
Stlth  +.........               (no ring)
                                (no ring)

@: not resistant to hostile enchantments, very unstealthy
A: unfitting armour, claws 3, fast metabolism 3, gourmand, regeneration 2,
shaggy fur 1, tough skin 2
a: Renounce Religion


You were on level 2 of the Dungeon.
You worshipped Okawaru.
Okawaru was noncommittal.
You were very full.

You visited 1 branch of the dungeon, and saw 2 of its levels.

You collected 124 gold pieces.

Inventory:

Hand weapons
 e - a +0 whip
 g - a +0 short sword
 i - a +0 dagger
 n - a +0 short sword
 o - a +0 hunting sling
 q - a +0 club
 s - a +0 club
 t - a +0 dagger
 v - a +0 club
 w - a +0 club (weapon)
 x - a +0 dagger
 A - a +0 club
 B - a +0 short sword
 E - a +0 dagger
 F - a +0 short sword
 G - a +0 club
 H - a +0 whip
 I - a +0 short sword
 L - a +0 club
 M - a +0 hunting sling
Missiles
 d - 47 stones (quivered)
 u - 22 bolts
Armour
 a - a +0 animal skin (worn)
 m - a +0 leather armour
 p - a +0 leather armour
 y - a +0 ring mail
 z - a +0 pair of gloves
 J - a +0 pair of gloves
 N - a +0 pair of gloves
 O - a +0 ring mail
Scrolls
 c - 2 scrolls of fog {unknown}
 f - 2 scrolls of remove curse
 r - a scroll of enchant weapon {unknown}
 C - a scroll of blinking {unknown}
 K - a scroll of identify {unknown}
Potions
 k - 3 potions of curing {unknown}
Comestibles
 b - 2 bread rations
 h - a royal jelly
 j - a beef jerky
 l - 2 meat rations
 D - a slice of pizza


   Skills:
 + Level 3.1 Fighting
 + Level 0.1 Maces & Flails
 + Level 3.2 Dodging
 + Level 3.6 Unarmed Combat


You had 3 spell levels left.
You didn't know any spells.

Dungeon Overview and Level Annotations

Branches:
Dungeon (2/15)

Altars:
Elyvilon
Okawaru
Sif Muna


Innate Abilities, Weirdness & Mutations

You are too large for most types of armour.
You have claws for hands.
Your metabolism is lightning-fast.
You like to eat raw meat.
You heal very quickly.
You are covered in fur (AC +1).
You have very tough skin (AC +2).


Message History

There is a stone staircase leading down here.
Eat which item? (? for menu, Esc to quit)
You continue eating.
The black bear rages.
You continue eating.
The polar bear barely misses you. x2
The polar bear closely misses you. The black bear bites you!
The black bear barely misses you.
The black bear claws you but does no damage.
The black bear bites you but does no damage.
The black bear claws you. The black bear barely misses you.
The black bear bites you! The black bear barely misses you.
The black bear claws you. The polar bear bites you!
* * * LOW HITPOINT WARNING * * *
The polar bear claws you.
* * * LOW HITPOINT WARNING * * *
The polar bear claws you.
* * * LOW HITPOINT WARNING * * *
The black bear bites you.
You die...

....#.........##.#.#####.#...#
....###....## ..........#.## ####
##....# ##...<....### #.....#
#........# #. #.#...# #........#
#. ####.##.######........# #.#
#.....................# #.#
#.........hh#.........# #.#
#.........h@h.........#
#.####...#####..h..........######
.........# #......##..#####....
.........# #......##.######.>..
.........# ##.##................
†........####...#....#.######....
.............._......#.# #.^†.
.....#.##...#...######.# ##.....
.....#.##...##.## ##.##........


You could see 2 polar bears and 3 black bears.

Vanquished Creatures
  2 adders (D:2)
  2 oozes
  3 worms (D:2)
  7 bats
  3 giant cockroaches
  6 hobgoblins
  14 kobolds
  2 giant newts (D:1)
  6 goblins
  4 jackals (D:1)
  5 rats
54 creatures vanquished.

Notes
Turn   | Place    | Note
--------------------------------------------------------------
     0 | D:1      | Zukini the Troll Berserker began the quest for the Orb.
     0 | D:1      | Reached XP level 1. HP: 22/22 MP: 0/0
   196 | D:1      | Reached XP level 2. HP: 29/29 MP: 1/1
   675 | D:1      | Reached XP level 3. HP: 31/36 MP: 2/2
   817 | D:1      | Acquired Trog's second power
  1000 | D:2      | Found a deep blue altar of Sif Muna.
  1019 | D:2      | Found an iron altar of Okawaru.
  1070 | D:2      | Fell from the grace of Trog
  1070 | D:2      | Became a worshipper of Warmaster Okawaru
  1153 | D:2      | Found a white marble altar of Elyvilon.
  1223 | D:2      | Reached XP level 4. HP: 44/44 MP: 3/3
  1548 | D:2      | Noticed a polar bear
  1548 | D:2      | Noticed a polar bear
  1548 | D:2      | Noticed a black bear
  1548 | D:2      | Noticed a black bear
  1548 | D:2      | Noticed a black bear
  1550 | D:2      | HP: 2/45 [polar bear[the rage of Trog] (3)]
  1550 | D:2      | Slain by a black bear

Vault maps used:
D:1:      minmay_arrival_three_doors, minmay_misc_feat_doors
D:2:      nicolae_overflow_crystal_walls, lemuel_doored_altar, okawaru_trees_1

Action                   |  1- 3 |  4- 6 || total
-------------------------+-------+-------++-------
Melee: Unarmed           |    95 |    22 ||   117
       Whip              |    42 |       ||    42
Throw: Stone             |     1 |       ||     1
  Use: Scroll            |     1 |       ||     1
  Eat: Bread ration      |     3 |     1 ||     4
       Chunk             |       |     1 ||     1
